 Seeded DCSS version 0.28-a0-1616-g050a50673c (webtiles) character file.

Game seed: 8514258071610251851 (custom seed)

3926 innerfire433 the Slicer (level 9, -1/75 HPs)
             Began as a Demigod Brigand on Jan 22, 2022.
             Slain by a cyan ugly thing (17 damage)
             ... on level 8 of the Dungeon.
             The game lasted 00:26:59 (7543 turns).

innerfire433 the Slicer (Demigod Brigand)           Turns: 7543, Time: 00:27:00

Health: -1/75      AC: 15    Str: 28    XL:     9   Next: 70%
Magic:  11/11      EV: 10    Int: 15    God:
Gold:   349        SH:  0    Dex: 21    Spells: 8/8 levels left

rFire   x . .      SeeInvis .   E - +2 short sword (freeze)
rCold   + . .      Faith    .   (no shield)
rNeg    + + .      Spirit   .   B - +6 scale mail {Will+}
rPois   .          Reflect  .   (no helmet)
rElec   .          Harm     .   G - +1 cloak
rCorr   .          Rampage  .   (no gloves)
Will    +....      Clarity  +   (no boots)
Stlth   +++.......              h - amulet of regeneration
HPRegen 1.02/turn               A - ring of the Will of the Gods {Ice Drain rN++ Str+4 Stlth+}
MPRegen 0.12/turn               p - +6 ring of dexterity

@: no status effects
A: high mp 1, forlorn, divine attributes, clarity, clever 1
a: no special abilities


You were on level 8 of the Dungeon.
You visited 1 branch of the dungeon, and saw 8 of its levels.

You collected 349 gold pieces.

Inventory:

Hand Weapons
 a - a +2 dagger
 e - a +0 flail
 n - the +4 spear of Lust {drain, rCorr}
   (You found it on level 6 of the Dungeon)

   A truly terrible weapon, it drains the life of any living foe it strikes.
   rCorr:     It protects you from acid and corrosion.
 u - a +0 short sword of venom
 v - a +0 dagger of holy wrath
 E - a +2 short sword of freezing (weapon)
 F - a +5 dagger
Missiles
 H - 7 poisoned darts (quivered)
 I - 100 stones
 J - an atropa-tipped dart
Armour
 b - a +0 robe
 c - a +0 cloak
 s - a +0 ring mail
 w - a +0 scale mail
 B - a +6 scale mail of willpower (worn)
 G - a +1 cloak (worn)
 K - +0 steam dragon scales
 O - an orb of guile
 R - the +4 moon troll leather armour {Spirit, Regen++ MP+5}
   (You found it on level 8 of the Dungeon)

   MP:        It affects your magic capacity (+5).
   Regen:     It increases your rate of health regeneration.
 S - the +4 chain mail of Leapfrog {Int+2}
   (You found it on level 8 of the Dungeon)

   Int:       It affects your intelligence (+2).
Jewellery
 h - an amulet of regeneration (around neck)
 m - a ring of poison resistance
 o - a ring of fire
 p - a +6 ring of dexterity (right hand)
 x - a +4 ring of protection
 A - the ring of the Will of the Gods (left hand) {Ice Drain rN++ Str+4 Stlth+}
   (You took it off a centaur on level 7 of the Dungeon)

   [ring of ice]

   It enhances your ice magic.
   Str:       It affects your strength (+4).
   rF:        It makes you vulnerable to fire.
   rC:        It protects you from cold.
   rN:        It greatly protects you from negative energy.
   Drain:     It drains your maximum health when unequipped.
   Stlth:     It makes you more stealthy.
 Q - an amulet of the acrobat
Wands
 f - a wand of paralysis (5)
 j - a wand of iceblast (17)
 y - a wand of mindburst (14)
 M - a wand of charming (3)
Scrolls
 g - 4 scrolls of identify
 k - 2 scrolls of blinking
 l - 5 scrolls of teleportation
 q - 3 scrolls of magic mapping
 P - a scroll of fear {unknown}
 T - a scroll of amnesia
Potions
 i - 3 potions of brilliance
 r - a potion of resistance {unknown}
 t - a potion of berserk rage {unknown}
 z - a potion of lignification {unknown}
 D - 2 potions of might
 N - a potion of attraction {unknown}


   Skills:
 + Level 5.9 Fighting
 * Level 8.3 Short Blades
 * Level 8.1 Throwing
 + Level 3.4 Armour
 - Level 0.8 Dodging
 - Level 3.6 Stealth


You had 8 spell levels left.
You didn't know any spells.
Your spell library contained the following spells:

 Spells                   Type           Power      Damage    Failure   Level
 Apportation              Tloc           0%         N/A       50%         1
 Alistair's Intoxication  Tmut/Pois      0%         N/A       100%        5


Dungeon Overview and Level Annotations

Branches:
Dungeon (8/15)             Temple (0/1) D:7            Lair (0/6) D:8

Portals:
Abyss: D:8

Annotations:
D:6 exclusion: statue
D:8 pigah's ghost, novice OpAE


Innate Abilities, Weirdness & Mutations

You have an increased reservoir of magic. (+10% MP)
You shall have no god before yourself.
Your divine heritage dramatically boosts your attributes as you level up.
You possess an exceptional clarity of mind.
Your mind is acute. (Int +2)


Message History

The cyan ugly thing trunk-slaps you. The cyan ugly thing shocks you!
* * * LOW HITPOINT WARNING * * *
Okay, then.
Pigah's ghost turns its malevolent gaze towards you.
The cyan ugly thing barely misses you.
The cyan ugly thing trunk-slaps you but does no damage.
The cyan ugly thing barely misses you.
The cyan ugly thing trunk-slaps you but does no damage.
You barely miss the cyan ugly thing.
The cyan ugly thing is moderately wounded.
The cyan ugly thing barely misses you. The kobold brigand closely misses you.
You hit the cyan ugly thing. You freeze the cyan ugly thing.
The cyan ugly thing is heavily wounded.
You hit the cyan ugly thing but do no damage.
The cyan ugly thing is heavily wounded.
The cyan ugly thing trunk-slaps you! The cyan ugly thing shocks you!
* * * LOW HITPOINT WARNING * * *
The kobold brigand barely misses you. The cyan ugly thing misses you.
Found a one-way gate to the infinite horrors of the Abyss.
The cyan ugly thing trunk-slaps you but does no damage.
The kobold brigand hits you but does no damage.
Space warps around you. The cyan ugly thing misses you.
You hit the cyan ugly thing. You freeze the cyan ugly thing.
The cyan ugly thing is moderately wounded.
The cyan ugly thing trunk-slaps you! The cyan ugly thing shocks you!
* * * LOW HITPOINT WARNING * * *
The cyan ugly thing trunk-slaps you but does no damage.
The cyan ugly thing trunk-slaps you.
* * * LOW HITPOINT WARNING * * *
The cyan ugly thing shocks you!
* * * LOW HITPOINT WARNING * * *
The cyan ugly thing trunk-slaps you but does no damage.
The cyan ugly thing trunk-slaps you. The cyan ugly thing shocks you!
* * * LOW HITPOINT WARNING * * *
Unknown command.
The cyan ugly thing trunk-slaps you.
* * * LOW HITPOINT WARNING * * *
The cyan ugly thing shocks you!
You die...

### ##.# ##.#. ##
##.... .# ###
#.#.#. .#
##.############
##....
.####...........@.#
##...
..##.....########u#
##.# ..###...##
#K######## ##.#
#.####.##
#........#####...
...[...#
#.######.##....#.
#.####.# #.####
#.##.##... #.#
##'## #....#
#.##.#####
..###...## #.##.#
#.##.# ####.....##
##.##.# #.##.####


You could see a cyan ugly thing and a kobold brigand.

Vanquished Creatures
  Maggie (D:7)
  A wyvern (D:5)
  4 yaks
  A steam dragon (D:7)
  An acid dragon (D:8)
  Duvessa (D:5)
  A water moccasin (D:6)
  2 sky beasts
  An orc warrior (D:7)
  A necrophage (D:5)
  An ice beast (D:6)
  A black bear (D:6)
  4 centaurs
  An ogre (D:6)
  3 bullfrogs (D:7)
  A water moccasin zombie (D:5)
  A scorpion (D:4)
  Dowan (D:5)
  3 wights (D:8)
  3 electric eels (D:7)
  2 howler monkeys
  A centaur zombie (D:8)
  A centaur skeleton (D:5)
  4 hounds
  2 jellies
  Crazy Yiuf (D:5)
  4 bullfrog skeletons
  2 iguanas (D:5)
  Natasha (thrice) (D:4)
  2 orc wizards (D:6)
  A killer bee zombie (D:5)
  A hound zombie (D:5)
  A hound skeleton (D:5)
  A howler monkey zombie (D:6)
  11 gnolls
  6 adders
  A shadow imp (D:8)
  A white imp (D:3)
  An ufetubus (D:7)
  An adder zombie (D:5)
  A worm (D:4)
  2 dart slugs
  14 orcs
  7 endoplasms
  2 giant cockroaches
  8 goblins
  6 hobgoblins
  12 kobolds
  8 ball pythons
  4 bats
  A frilled lizard (D:3)
  3 rats (D:3)
148 creatures vanquished.

Vanquished Creatures (others)
  5 plants (D:7)
5 creatures vanquished.

Grand Total: 153 creatures vanquished

Notes
Turn   | Place    | Note
-------+----------+-------------------------------------------
     0 | D:1      | innerfire433 the Demigod Brigand began the quest for the
                  | Orb.
     0 | D:1      | Reached XP level 1. HP: 17/17 MP: 3/3
   480 | D:1      | Reached XP level 2. HP: 24/24 MP: 4/4
  1622 | D:2      | Reached XP level 3. HP: 29/29 MP: 5/5
  2964 | D:4      | Noticed a scorpion
  2965 | D:4      | Killed a scorpion
  2966 | D:4      | Reached XP level 4. HP: 37/37 MP: 6/6
  3030 | D:4      | Noticed a sky beast
  3045 | D:4      | Noticed Natasha
  3049 | D:4      | Killed a sky beast
  3050 | D:4      | Reached XP level 5. HP: 11/44 MP: 7/7
  3058 | D:4      | Killed Natasha
  3479 | D:4      | Noticed Natasha
  3487 | D:4      | Killed Natasha
  3488 | D:4      | Reached XP level 6. HP: 50/51 MP: 8/8
  3706 | D:4      | Noticed Natasha
  3727 | D:4      | Killed Natasha
  3879 | D:5      | Entered Level 5 of the Dungeon
  3969 | D:5      | Noticed a wyvern
  4065 | D:5      | Noticed a yak
  4083 | D:5      | Reached skill level 5 in Short Blades
  4083 | D:5      | Reached XP level 7. HP: 54/57 MP: 9/9
  4147 | D:5      | Killed a yak
  4148 | D:5      | Reached skill level 5 in Throwing
  4191 | D:5      | Killed a wyvern
  4406 | D:5      | Found a runed translucent door.
  4407 | D:5      | Noticed Crazy Yiuf
  4476 | D:5      | Noticed Duvessa
  4478 | D:5      | Noticed Dowan
  4482 | D:5      | Killed Duvessa
  4483 | D:5      | Reached XP level 8. HP: 67/67 MP: 10/10
  4488 | D:5      | Killed Dowan
  4813 | D:5      | Killed Crazy Yiuf
  5000 | D:6      | Reached skill level 1 in Armour
  5062 | D:6      | Identified the +4 spear of Lust {drain, rCorr}
  5114 | D:6      | Reached skill level 5 in Fighting
  5442 | D:7      | Reached XP level 9. HP: 33/74 MP: 11/11
  5444 | D:7      | Identified the ring of the Will of the Gods {Ice Drain rN++
                  | Str+4 Stlth+}
  5529 | D:7      | Noticed Maggie
  5542 | D:7      | Killed Maggie
  5642 | D:7      | Found a staircase to the Ecumenical Temple.
  6127 | D:7      | Gained mutation: You possess an exceptional clarity of
                  | mind. [potion of mutation]
  6127 | D:7      | Gained mutation: Your mind is acute. (Int +2) [potion of
                  | mutation]
  6219 | D:8      | Found a transporter.
  6223 | D:8      | Found a transporter.
  6262 | D:8      | Found a staircase to the Lair.
  6425 | D:8      | Noticed a wizard
  6426 | D:8      | Noticed pigah's ghost (novice OpAE)
  6428 | D:8      | Noticed a cyan ugly thing
  6483 | D:8      | Found the +4 moon troll leather armour {Spirit, Regen++
                  | MP+5}
  6922 | D:8      | Identified the +4 chain mail of Leapfrog {Int+2}
  7419 | D:8      | Noticed a toenail golem
  7486 | D:8      | Found a one-way gate to the infinite horrors of the Abyss.
  7507 | D:8      | HP: 2/75 [cyan ugly thing (12)]
  7543 | D:8      | Slain by a cyan ugly thing

Illustrated notes

Levels and vault maps discovered:
D:1:      minmay_arrival_loop, layout_loops_ring, st_stairs_7
D:2:      layout_basic
D:3:      layout_loops_ring
D:4:      layout_loops_ring, uniq_natasha
D:5:      minmay_clustersquares, layout_rooms, minmay_tree_intersection,
          grunt_decor_resistance, uniq_crazy_yiuf_cottage, uniq_duvessa
D:6:      layout_rooms, vehumet_statue
D:7:      layout_cave_pools, minmay_temple_entry_mist, chequers_big_river,
          uniq_maggie
D:8:      layout_loops_corners, lair_entry_dummy, gammafunk_ghost_abyssal_escape

Skill      XL: |  1  2  3  4  5  6  7  8  9 |
---------------+----------------------------+-----
Short Blades   | 2 3 4 5 6 7 8 |  8.3
Fighting       | 2 3 4 5 |  5.9
Throwing       | 2 3 4 5 7 8 |  8.1
Armour         | 2 3 |  3.4
Dodging        | |  0.8
Stealth        | |  3.6

Action                   |  1- 3 |  4- 6 |  7- 9 || total
-------------------------+-------+-------+-------++-------
Melee: Dagger            |    99 |   146 |   122 ||   367
       Punch             |     1 |     3 |     5 ||     9
       Short sword       |       |       |   149 ||   149
Throw: Dart              |    97 |    56 |    69 ||   222
       Javelin           |       |     6 |    12 ||    18
       Throwing net      |       |       |     2 ||     2
       Boomerang         |       |       |    57 ||    57
Evoke: Wand              |       |       |     6 ||     6
  Use: Potion            |       |     1 |     5 ||     6
       Scroll            |       |       |    12 ||    12
 Stab: Sleeping          |     4 |       |       ||     4
       Invisible         |       |       |     6 ||     6
       Confused          |       |       |     1 ||     1
Armor: Robe              |    17 |     2 |       ||    19
       Ring mail         |       |     8 |       ||     8
       Scale mail        |       |    46 |   147 ||   193
Dodge: Dodged            |    53 |    77 |   127 ||   257

Table legend: (Time is in decaauts)
 A = Elapsed time spent in this place.
 B = Non-inter-level travel time spent in this place.
 C = Inter-level travel time spent in this place.
 D = Time resting spent in this place.
 E = Time spent auto-exploring this place.
 F = Levels seen in this place.
 G = Mean time per level.
                   A        B        C        D        E       F      G
               +--------+--------+--------+--------+--------+-----+--------+
         Total |   7393 |   6441 |    952 |      0 |   4721 |   8 |  924.1 |
       Dungeon |   7393 |   6441 |    952 |      0 |   4721 |   8 |  924.1 |
               +--------+--------+--------+--------+--------+-----+--------+

Top non-repeatable levels by time:
     D:8: 1363 daAuts
     D:3: 1154 daAuts
     D:1: 1118 daAuts
     D:5: 943 daAuts
     D:4: 889 daAuts
     D:7: 793 daAuts
     D:2: 667 daAuts
     D:6: 463 daAuts
